 Dungeon Crawl Stone Soup version 0.31.0-11-ge490571c62 (webtiles) character file.

Game seed: 4996522507063296929

21 Flugkiller the Chiller (level 2, -1/13 HPs)
             Began as a Vine Stalker Ice Elementalist on Feb 2, 2024.
             Blown up by Ijyb (14 damage)
             ... with a mindburst bolt
             ... on level 3 of the Dungeon.
             The game lasted 00:01:00 (194 turns).

Flugkiller the Chiller (VSIE)                        Turns: 194, Time: 00:01:01

Health: -1/13      AC:  2    Str:  9 (10) XL:     2   Next: 87%
Magic:  0/6        EV: 12    Int: 12 (15) God:
Gold:   40         SH:  0    Dex: 13 (14) Spells: 5/6 levels left

rFire   . . .        (no weapon)
rCold   . . .        (no shield)
rNeg    . . .        a - +0 robe
rPois   .            (no helmet)
rElec   .            (no cloak)
rCorr   .            (no gloves)
SInv    .            (no boots)
Will    .....        (no amulet)
Stlth   ++           (no ring)
HPRegen 1.02/turn    (no ring)
MPRegen 0.10/turn

%: guardian spirit
@: no status effects
A: fangs 2, regeneration 1, magic shield, antimagic bite, no potion heal 2
a: no special abilities


You were on level 3 of the Dungeon.
You visited 1 branch of the dungeon, and saw 3 of its levels.

You collected 40 gold pieces.

Inventory:

Armour
 a - a +0 robe (worn)
Scrolls
 c - a scroll of enchant weapon {unknown}
 d - a scroll of identify {unknown}
Potions
 b - a potion of magic


   Skills:
 - Level 1.5 Dodging
 - Level 2.4 Stealth
 + Level 2.9 Spellcasting
 + Level 4.4 Ice Magic


You had 5 spell levels left.
You knew the following spells:

 Your Spells              Type           Power      Damage    Failure   Level
a - Freeze                Ice            48%        1d6       4%          1

Your spell library contained the following spells:

 Spells                   Type           Power      Damage    Failure   Level
 Frozen Ramparts          Ice            24%        1d4       12%         3
 Ozocubu's Armour         Ice            12%        N/A       12%         3
 Summon Ice Beast         Ice/Summ       7%         N/A       30%         3


Dungeon Overview and Level Annotations

Branches:
Dungeon (3/15) Zot: 17805

Altars:

Shops:
D:3 ([

Annotations:
D:3 Ijyb


Innate Abilities, Weirdness & Mutations

You have extremely sharp teeth.
Your natural rate of healing is unusually fast.
When hurt, damage is shared between your health and your magic reserves.
Your bite disrupts and absorbs the magic of your enemies.
Potions cannot restore your health.


Message History

You bite the ribbon worm, but do no damage.
The ribbon worm is moderately wounded.
The ribbon worm bites you.
You hit the ribbon worm.
You bite the ribbon worm, but do no damage.
The ribbon worm is moderately wounded.
The ribbon worm expels a string of sticky webbing.
The stream of webbing hits you but does no damage.
You are caught in a web!
The ribbon worm bites you but does no damage.
You hit the ribbon worm.
The ribbon worm is moderately wounded.
Casting: Freeze (safe; 3% risk of failure)
Confirm with . or Enter, or press ? or * to list all spells.
Aiming: Freeze (safe; 3% risk of failure)
Press: ? - help, Shift-Dir - straight line, f/p - ribbon worm
Aim: a ribbon worm (moderately wounded, catching its breath)
You freeze the ribbon worm.
The ribbon worm is heavily wounded.
The ribbon worm bites you but does no damage.
You barely miss the ribbon worm. You bite the ribbon worm. You drain its power.
You feel invigorated.
The ribbon worm is severely wounded.
The ribbon worm barely misses you.
You barely miss the ribbon worm.
You bite the ribbon worm, but do no damage.
The ribbon worm is severely wounded.
The ribbon worm expels a string of sticky webbing.
The stream of webbing misses you.
You barely miss the ribbon worm. Your bite misses the ribbon worm.
The ribbon worm is heavily wounded.
The ribbon worm expels a string of sticky webbing.
The stream of webbing hits you but does no damage.
You are caught in a web!
Casting: Freeze (safe; 3% risk of failure)
Confirm with . or Enter, or press ? or * to list all spells.
Aiming: Freeze (safe; 3% risk of failure)
Press: ? - help, Shift-Dir - straight line, f/p - ribbon worm
Aim: a ribbon worm (heavily wounded, catching its breath)
You freeze the ribbon worm.
The ribbon worm is severely wounded.
The ribbon worm closely misses you.
Casting: Freeze (safe; 3% risk of failure)
Confirm with . or Enter, or press ? or * to list all spells.
Aiming: Freeze (safe; 3% risk of failure)
Press: ? - help, Shift-Dir - straight line, f/p - ribbon worm
Aim: a ribbon worm (heavily wounded, catching its breath)
You freeze the ribbon worm.
The ribbon worm is severely wounded.
The ribbon worm bites you.
Casting: Freeze (safe; 3% risk of failure)
Confirm with . or Enter, or press ? or * to list all spells.
Aiming: Freeze (safe; 3% risk of failure)
Press: ? - help, Shift-Dir - straight line, f/p - ribbon worm
Aim: a ribbon worm (severely wounded, catching its breath)
You freeze the ribbon worm!
You kill the ribbon worm!
You hit the ball python but do no damage.
The ball python bites you but does no damage.
The ball python misses you.
You closely miss the ball python. You bite the ball python.
You kill the ball python!
There is an open door here.
Things that are here:
a ball python corpse; an adder corpse Ijyb and a rat come into view.
Ijyb is wielding a +0 dagger and carrying a wand of mindburst.
Ijyb shouts!
The rat squeaks loudly.
You see here 4 stones.
Found a scroll labelled JOTYIXK LOLAN.
The rat bites you.
Press: ? - help, v - describe, . - travel
Here: Ijyb, wielding a +0 dagger, wearing a +0 leather armour and carrying a wand of mindburst The floor.
Unknown command.
Unknown command.
The rat attacks as it pursues you! The rat bites you.
You see here 4 stones.
It was a potion of degeneration.
There was something very wrong with that liquid.
You feel weakened.
You feel dopey.
You feel clumsy.
It was a potion of heal wounds.
That seemed strangely inert.
The rat bites you.
It was a potion of curing.
That felt strangely inert.
The rat bites you but does no damage.
Casting: Freeze (safe; 4% risk of failure)
Confirm with . or Enter, or press ? or * to list all spells.
Aiming: Freeze (safe; 4% risk of failure)
Press: ? - help, Shift-Dir - straight line, f - rat
Aim: a rat You freeze the rat.
You kill the rat!
Casting: Freeze (safe; 4% risk of failure)
Confirm with . or Enter, or press ? or * to list all spells.
You don't have enough magic to cast this spell.
You barely miss Ijyb. Ijyb barely misses you.
You hit Ijyb but do no damage. Your bite misses Ijyb.
Ijyb hits you but does no damage.
You hit Ijyb but do no damage. Ijyb barely misses you.
You closely miss Ijyb.
Ijyb zaps a wand.
Your mind is blasted!
Ouch! That really hurt!
You die...

..........≈≈≈......
.#+#...##≈∩≈...... #
# #⌠..##.≈≈......
..#.
#+###.#..........
.....
+∩''†.......#####
#....###+###...)...#
#...⌠ #⌠..#.....#
#....#+#....†.####
#..@........#
########g.......#
#.#.....(.........#
#.......###.......#
##......# #.......#
#......# #........#
#.....g# #........#
#......# #.........
#......# #####.###


You could see Ijyb.

Vanquished Creatures
  An adder (D:3)
  A ribbon worm (D:3)
  A giant cockroach (D:1)
  2 kobolds
  3 ball pythons
  A bat (D:2)
  A rat (D:3)
10 creatures vanquished.

Notes
Turn   | Place    | Note
-------+----------+-------------------------------------------
     0 | D:1      | Flugkiller the Vine Stalker Ice Elementalist began the
                  | quest for the Orb.
     0 | D:1      | Reached XP level 1. HP: 9/9 MP: 4/4
   106 | D:3      | Found Keniull's Antique Armour Shoppe.
   121 | D:3      | Reached XP level 2. HP: 12/13 MP: 0/6
   121 | D:3      | Found Roruigon's Antique Weapon Shop.
   181 | D:3      | Noticed Ijyb
   194 | D:3      | Blown up by Ijyb

Illustrated notes

Levels and vault maps discovered:
D:1:      onia_arrival_pentagram, layout_loops_ring,
          chequers_ecumenical_altar_simple_redux
D:2:      layout_basic, minmay_pentomino_o4
D:3:      layout_basic, serial_shops, shop, nicolae_shop_real_fake_doors,
          nicolae_shop_peninsula, nicolae_shop_tiny_waterfront, uniq_robin,
          uniq_terence, uniq_ijyb

Action                     || total
---------------------------++-------
  Melee: Unarmed           ||    17
         Bite              ||     8
   Cast: Freeze            ||    16
    Use: Potion            ||     3
 Armour: Robe              ||    20
  Dodge: Dodged            ||    21
